Map: Moondance

Players

Bunny

  • Race: Terran Terran
  • Spawn Location: 12:00

Reaper - Winner!

  • Race: Zerg Zerg
  • Spawn Location: 6:00

Event: DreamHack SC2 Masters 2022 Atlanta (Offline)

VOD

Have the link to the VOD?

Description

Time

  • Played on: Nov. 18, 2022, 10:02 a.m.
  • Length: 4:21

All games in this series

Show
View Real Time Build Order
Export as new Build Order

Bunny Terran 

Build Orders: Reaper Expand 

Get SALT Encoding   

  12  0:00  SCV  
  13  0:12  SCV  
  14  0:17  Supply Depot  
  14  0:24  SCV  
  15  0:39  SCV  
  15  0:40  Barracks  
  16  0:44  Refinery  
  16  0:51  SCV  
  17  1:03  SCV  
  18  1:15  SCV  
  19  1:27  Reaper, Orbital Command  
  20  1:37  Command Center  
  20  1:47  Supply Depot  
  20  1:50  Refinery  
  20  1:53  SCV  
  21  1:59  Reaper  
  22  2:05  SCV  
  23  2:18  SCV  
  23  2:19  Factory  
  24  2:27  Command Center  
  23  2:30  Bunker  
  23  2:31  Marine  
  23  2:34  SCV  
  25  2:46  Supply Depot, SCV  
  25  2:49  Marine  
  24  3:05  SCV, Factory Tech Lab  
  23  3:07  Marine  
  24  3:18  SCV  
  25  3:24  Cyclone  
  28  3:27  Marine  
  29  3:45  Orbital Command  
  29  3:46  Marine  
Show
View Real Time Build Order
Export as new Build Order

Reaper Zerg - Winner!

Build Orders: Hatch First, Ravager All-In 

Get SALT Encoding   

  12  0:00  Drone  
  13  0:12  Drone  
  14  0:35  Hatchery  
  13  0:50  Spawning Pool  
  13  0:54  Drone  
  13  0:58  Drone  
  14  1:06  Overlord  
  14  1:09  Extractor  
  13  1:13  Drone  
  13  1:15  Extractor  
  13  1:19  Drone  
  14  1:27  Drone  
  15  1:39  Roach Warren  
  14  1:41  Drone  
  15  1:47  Zergling x2  
  16  1:54  Drone  
  16  2:00  Drone  
  18  2:20  Roach x3  
  24  2:24  Roach  
  26  2:33  Overlord  
  27  2:44  Roach  
  27  3:03  Roach x2  
  31  3:06  Roach  
  31  3:10  Ravager  
  34  3:13  Ravager  
  34  3:16  Ravager  
  34  3:18  Overlord  
  36  3:29  Spore Crawler, Ravager  
  37  3:44  Ravager  
  38  3:49  Roach  
  38  3:53  Ravager  
Tags
 
Add a new tag
Caveats
  • Supply blocks, unpowered buildings, or Contaminate may cause inaccurate times.
  • Supply counts are checked every 10 seconds.